 Dungeon Crawl Stone Soup version 0.26-a0-753-g4680b4fa2e (webtiles) character file.

Game seed: 11290600385730099723

3248 2tc the Zephyrmancer (level 9, -4/50 HPs)
             Began as a Tengu Air Elementalist on Nov 7, 2020.
             Was a Follower of Vehumet.
             Slain by an orc warrior
             ... wielding a +0 trident
              (17 damage)
             ... on level 9 of the Dungeon.
             The game lasted 00:52:40 (9569 turns).

2tc the Zephyrmancer (Tengu Air Elementalist)       Turns: 9569, Time: 00:52:41

Health: -4/50      AC:  5    Str: 11    XL:     9   Next: 99%
Magic:  0/16       EV: 13    Int: 16    God:    Vehumet [*.....]
Gold:   325        SH:  0    Dex: 15    Spells: 2/17 levels left

rFire    . . .     SeeInvis .   A - +4 spear (flame)
rCold    . . .     Faith    .   (no shield)
rNeg     . . .     Spirit   .   j - +0 leather armour {rPois}
rPois    +         Reflect  .   u - +1 hat
rElec    .         Harm     .   q - +0 cloak
rCorr    +         Rampage  .   (no gloves)
MR       .....                  (boots unavailable)
Stlth    ++........             (no amulet)
HPRegen  0.16/turn              s - ring of wizardry
MPRegen  0.15/turn              d - ring of resist corrosion

@: no status effects
A: beak, talons 3, able to fly
a: Fly, Renounce Religion


You were on level 9 of the Dungeon.
You worshipped Vehumet.
Vehumet was aware of your devotion.
You visited 2 branches of the dungeon, and saw 10 of its levels.

You collected 437 gold pieces.
You spent 112 gold pieces at shops.

Inventory:

Hand Weapons
 e - a +3 dagger of protection
 i - a +3 hand axe
 w - a +3 long sword of freezing
 x - a +0 hand axe of electrocution
 A - a +4 spear of flaming (weapon)
 B - the +8 glaive of the Protecting Weasel {freeze, +Fly rN+ Int-4}
   (You found it on level 8 of the Dungeon)

   It has been specially enchanted to freeze those struck by it, causing extra
   injury to most foes and up to half again as much damage against particularly
   susceptible opponents.
   It can also slow down cold-blooded creatures.
   It affects your intelligence (-4).
   It protects you from negative energy.
   It lets you fly.
Armour
 a - a +1 robe
 j - a +0 leather armour of poison resistance (worn)
 o - a +0 kite shield
 q - a +0 cloak (worn)
 u - a +1 hat (worn)
Jewellery
 d - a ring of resist corrosion (right hand)
 k - a +4 ring of evasion
 m - an uncursed ring of positive energy
 r - an uncursed ring of protection from magic
 s - a ring of wizardry (left hand)
 v - an uncursed ring of poison resistance
 D - an uncursed ring of wizardry
 F - an uncursed amulet of faith {unknown}
Wands
 f - a wand of acid (10)
 l - a wand of random effects (70)
 n - a wand of digging (10)
 y - a wand of iceblast (6)
Scrolls
 b - 5 scrolls of teleportation
 c - a scroll of enchant armour
 h - 2 scrolls of remove curse
 z - 3 scrolls of magic mapping
 C - 2 scrolls of holy word
 E - a scroll of fear
Potions
 g - a potion of curing
 p - 2 potions of magic
 t - a potion of lignification {unknown}
 G - 2 potions of brilliance


   Skills:
 - Level 3.0 Fighting
 * Level 7.2 Polearms
 - Level 3.0 Armour
 - Level 3.0 Dodging
 - Level 2.0 Stealth
 - Level 4.5 Spellcasting
 - Level 6.0 Conjurations
 - Level 12.0 Air Magic


You had 2 spell levels left.
You knew the following spells:

 Your Spells              Type           Power        Failure   Level
a - Shock                 Conj/Air       ####         1%          1
b - Static Discharge      Conj/Air       ####....     1%          3
c - Swiftness             Air            #####...     1%          2
d - Airstrike             Air            #####.....   1%          4
e - Lightning Bolt        Conj/Air       ####......   6%          5

Your spell library contained the following spells:

 Spells                   Type           Power        Failure   Level
 Freeze                   Ice            #...         9%          1
 Magic Dart               Conj           ###.         1%          1
 Blink                    Tloc           N/A          12%         2
 Call Imp                 Summ           #.......     12%         2
 Slow                     Hex            #.......     12%         2
 Mephitic Cloud           Conj/Pois/Air  ###.....     2%          3
 Conjure Flame            Conj/Fire      ##......     8%          3


Dungeon Overview and Level Annotations

Branches:
Dungeon (9/15)             Temple (1/1) D:4            Lair (0/6) D:8
    Orc: D:9-12

Altars:
Ashenzari
Cheibriados
Dithmenos
Elyvilon
Fedhas
Gozag
Kikubaaqudgha
Makhleb
Nemelex Xobeh
Okawaru
Qazlal
Ru
Sif Muna
Trog
Vehumet
Wu Jian
Xom
Yredelemnul
The Shining One

Shops:
D:6 ?*   D:7 [

Annotations:
D:3 2 transporters
D:6 2 transporters
D:7 exclusions: giant cockroach and two-headed ogre


Innate Abilities, Weirdness & Mutations

You have a beak for a mouth.
You have claws for feet.
You can fly continuously.


Message History

You hit the orc warrior but do no damage.
The orc warrior is almost dead.
Attack whom?
Press: ? - help, Dir - move target cursor, f/p - orc warrior
Aim: an orc warrior, wielding a +0 trident and wearing a +0 plate armour (almost dead)
You reach to attack!
You closely miss the orc warrior.
The orc warrior is almost dead.
The orc warrior closely misses you.
The orc wizard casts a spell.
The orc wizard seems to speed up.
Attack whom?
Press: ? - help, Dir - move target cursor, f/p - orc warrior
Aim: an orc warrior, wielding a +0 trident and wearing a +0 plate armour (almost dead)
You reach to attack!
You completely miss the orc warrior.
The orc warrior is almost dead.
The orc warrior hits you from afar with a +0 trident!
* * * LOW HITPOINT WARNING * * *
You feel better.
The orc warrior hits you from afar with a +0 trident!
You die...

########## ..
#........#####...W
+........#.oo.)...
#....>...#.###....
#........@.# .
#.....).(###
######)### #....†#
####'#####
#.......#
#..)....#
#.......#
#.......#


You could see an orc warrior and an orc wizard (fast).

Vanquished Creatures
  Maurice (D:8)
  Prince Ribbit (D:7)
  Sigmund (D:5)
  Eustachio (D:5)
  3 ice beasts
  2 phantoms
  2 orc warriors
  An ogre (D:8)
  A necrophage (D:9)
  3 bullfrogs (D:6)
  Blork the orc (D:5)
  5 killer bees (D:8)
  10 wights (D:7)
  2 howler monkeys
  A centaur skeleton (D:7)
  2 orc wizards (D:9)
  2 hounds
  Crazy Yiuf (D:7)
  3 orc priests
  An iguana (D:8)
  2 worker ants
  A hound skeleton (D:4)
  6 gnolls
  6 adders
  A white imp (D:7)
  2 ufetubi
  3 oozes
  2 adder zombies (D:8)
  A worm (D:4)
  3 dart slugs
  2 leopard geckos
  19 orcs
  A ball python (D:6)
  6 giant cockroaches
  5 hobgoblins (D:1)
  4 jackals (D:1)
  4 quokkas
  7 bats
  3 frilled lizards
  6 goblins
  4 kobolds
  A leopard gecko skeleton (D:4)
  8 rats
141 creatures vanquished.

Vanquished Creatures (others)
  A wizard (D:6)
1 creature vanquished.

Grand Total: 142 creatures vanquished

Notes
Turn   | Place    | Note
-------+----------+-------------------------------------------
     0 | D:1      | 2tc the Tengu Air Elementalist began the quest for the Orb.
     0 | D:1      | Reached XP level 1. HP: 10/10 MP: 4/4
   241 | D:1      | Reached XP level 2. HP: 15/15 MP: 3/6
   414 | D:1      | Reached skill level 5 in Air Magic
   599 | D:1      | Reached XP level 3. HP: 19/19 MP: 2/7
   738 | D:1      | Learned a level 3 spell: Static Discharge
  1033 | D:2      | Reached skill level 6 in Air Magic
  1280 | D:2      | Found an ornate altar of the Wu Jian Council.
  1344 | D:2      | Learned a level 2 spell: Swiftness
  1347 | D:2      | Reached XP level 4. HP: 24/24 MP: 3/8
  1464 | D:2      | Found an iron altar of Okawaru.
  1499 | D:2      | You fall into a shaft and drop 1 floor!
  2021 | D:2      | Found a sparkling altar of Nemelex Xobeh.
  2232 | D:3      | Reached skill level 7 in Air Magic
  2232 | D:3      | Gained mutation: You can fly continuously. [Tengu growth]
  2232 | D:3      | Reached XP level 5. HP: 17/28 MP: 0/9
  2617 | D:3      | Found a glowing golden altar of the Shining One.
  2619 | D:3      | Noticed an orc warrior
  2621 | D:3      | Found a transporter.
  2625 | D:3      | Noticed a necrophage
  2663 | D:3      | Found a transporter.
  3384 | D:4      | Reached XP level 6. HP: 11/32 MP: 3/11
  3621 | D:4      | Reached skill level 8 in Air Magic
  3627 | D:4      | Learned a level 4 spell: Airstrike
  3652 | D:4      | Found a staircase to the Ecumenical Temple.
  3679 | Temple   | Entered the Ecumenical Temple
  4141 | D:5      | Entered Level 5 of the Dungeon
  4309 | D:5      | Noticed Blork the orc
  4317 | D:5      | Killed Blork the orc
  4318 | D:5      | Noticed Eustachio
  4406 | D:5      | Killed Eustachio
  4406 | D:5      | Reached skill level 9 in Air Magic
  4406 | D:5      | Reached XP level 7. HP: 36/36 MP: 0/12
  4805 | D:5      | Found a bloodstained altar of Trog.
  5122 | D:5      | Noticed Sigmund
  5256 | D:6      | Found a radiant altar of Vehumet.
  5259 | D:6      | Became a worshipper of Vehumet
  5311 | D:6      | Reached skill level 5 in Conjurations
  5311 | D:6      | Reached skill level 10 in Air Magic
  5461 | D:6      | Reached skill level 1 in Armour
  5488 | D:6      | Found Hiabiogu's Mass Market.
  5494 | D:6      | Found a sparkling altar of Nemelex Xobeh.
  5721 | D:6      | Reached XP level 8. HP: 41/41 MP: 9/13
  5764 | D:6      | Found a transporter.
  6030 | D:6      | Found a bloodstained altar of Trog.
  6031 | D:6      | Noticed a wizard
  6037 | D:6      | Killed a wizard
  6071 | D:6      | Found a white marble altar of Elyvilon.
  6210 | D:6      | Found Imelum Sawk's Magic Scroll Emporium.
  6210 | D:6      | Found a snail-covered altar of Cheibriados.
  6217 | D:6      | Found a transporter.
  6219 | D:6      | Bought a scroll of identify for 28 gold pieces
  6219 | D:6      | Bought a scroll of identify for 28 gold pieces
  6219 | D:6      | Bought a scroll of identify for 28 gold pieces
  6219 | D:6      | Bought a scroll of identify for 28 gold pieces
  6504 | D:7      | Reached skill level 1 in Fighting
  6836 | D:7      | Found Toqaf's Antique Armour Emporium.
  6837 | D:7      | Noticed Prince Ribbit
  6842 | D:7      | Killed Prince Ribbit
  6842 | D:7      | Reached skill level 11 in Air Magic
  6938 | D:7      | Found a runed translucent door.
  6939 | D:7      | Noticed Crazy Yiuf
  7149 | D:7      | Learned a level 5 spell: Lightning Bolt
  7292 | D:7      | Reached XP level 9. HP: 50/50 MP: 10/16
  7391 | D:7      | Noticed a two-headed ogre
  7572 | D:5      | Killed Sigmund
  7572 | D:5      | Reached skill level 12 in Air Magic
  7710 | D:5      | Found a shadowy altar of Dithmenos.
  7845 | D:7      | Killed Crazy Yiuf
  7845 | D:7      | Reached skill level 1 in Polearms
  8099 | D:8      | Got a twisted glaive
  8100 | D:8      | Identified the +8 glaive of the Protecting Weasel {freeze,
                  | +Fly rN+ Int-4} (You found it on level 8 of the Dungeon)
  8439 | D:8      | Found a staircase to the Lair.
  8460 | D:8      | Noticed Maurice
  8480 | D:8      | Killed Maurice
  8743 | D:8      | Reached skill level 5 in Polearms
  9121 | D:8      | Reached * piety under Vehumet
  9121 | D:8      | Offered knowledge of Freeze by Vehumet.
  9569 | D:9      | Slain by an orc warrior

Illustrated notes

Levels and vault maps discovered:
D:1:      mainiacjoe_arrival_reflecting_pool, layout_basic,
          corexii_leaking_fountain, st_stairs_13, minmay_pentomino_t2
D:2:      layout_rooms, lemuel_round_altar, old_standard_altar,
          nemelex_diamond_rough_becter
D:3:      layout_loops_corners, gammafunk_temple_overflow_arena
D:4:      layout_basic, nicolae_overflow_crystal_walls,
          minmay_temple_entry_sparse_star
D:5:      layout_loops_corners, marbit_many_paths, kennysheep_mini_moat,
          uniq_blork_the_orc, uniq_eustachio, uniq_sigmund
D:6:      gammafunk_cloud_chamber, layout_basic, elyvilon_altar_4,
          nicolae_overflow_hidden_temple, kennysheep_mini,
          nemelex_xobeh_ov_fountains_minmay, serial_shops, shop,
          minmay_shop_mass, trog_wizard
D:7:      layout_basic, serial_shops, shop, uniq_prince_ribbit1,
          uniq_crazy_yiuf_cottage, uniq_maggie
D:8:      layout_basic, lair_entry_dummy, uniq_maurice
D:9:      layout_roguey, kennysheep_generic_room_16
Temple:   compressed_dpeg_circular_temple

Skill      XL: |  1  2  3  4  5  6  7  8  9 |
---------------+----------------------------+-----
Air Magic      | 5 6 7 9 10 11 12 | 12.0
Conjurations   | 2 4 5 6 |  6.0
Spellcasting   | 3 4 |  4.5
Armour         | 2 3 |  3.0
Dodging        | 3 |  3.0
Fighting       | 3 |  3.0
Polearms       | 7 |  7.2
Stealth        | |  2.0

Action                   |  1- 3 |  4- 6 |  7- 9 || total
-------------------------+-------+-------+-------++-------
Melee: Dagger            |    19 |    38 |    11 ||    68
       Peck              |     3 |     6 |     2 ||    11
       Unarmed           |     1 |       |       ||     1
       Kick              |     4 |     8 |     4 ||    16
       Spear             |       |       |    27 ||    27
 Cast: Shock             |    52 |    72 |   148 ||   272
       Static Discharge  |       |     2 |    11 ||    13
       Swiftness         |       |     2 |     1 ||     3
       Airstrike         |       |     5 |    34 ||    39
       Lightning Bolt    |       |       |     1 ||     1
Evoke: Wand              |       |       |     1 ||     1
  Use: Scroll            |     7 |     7 |    10 ||    24
       Potion            |       |     2 |     6 ||     8
 Stab: Sleeping          |     1 |     4 |     5 ||    10
Armor: Robe              |    14 |    13 |       ||    27
       Leather armour    |       |       |    13 ||    13
Dodge: Dodged            |    57 |    43 |    54 ||   154

Table legend: (Time is in decaauts)
 A = Elapsed time spent in this place.
 B = Non-inter-level travel time spent in this place.
 C = Inter-level travel time spent in this place.
 D = Time resting spent in this place.
 E = Time spent auto-exploring this place.
 F = Levels seen in this place.
 G = Mean time per level.
                   A        B        C        D        E       F      G
               +--------+--------+--------+--------+--------+-----+--------+
         Total |   9535 |   9160 |    375 |   3768 |   4249 |  10 |  953.5 |
       Dungeon |   9415 |   9051 |    364 |   3768 |   4140 |   9 | 1046.1 |
        Temple |    120 |    109 |     11 |      0 |    109 |   1 |  120.0 |
               +--------+--------+--------+--------+--------+-----+--------+

Top non-repeatable levels by time:
     D:7: 1409 daAuts
     D:5: 1334 daAuts
     D:8: 1206 daAuts
     D:2: 1142 daAuts
     D:6: 1123 daAuts
     D:3: 985 daAuts
     D:1: 966 daAuts
     D:4: 921 daAuts
     D:9: 325 daAuts
  Temple: 120 daAuts
